 Dungeon Crawl Stone Soup version 0.30.0-5-g1a98f26d00 (webtiles) character file.

Game seed: 7016540072456476098

956 Foic the Covert (level 7, -16/45 HPs)
             Began as a Vampire Enchanter on May 11, 2023.
             Demolished by an ogre
             ... wielding a +0 giant club
              (26 damage)
             ... on level 5 of the Dungeon.
             The game lasted 00:20:34 (3802 turns).

Foic the Covert (Vampire Enchanter)                 Turns: 3802, Time: 00:20:35

Health: -16/45     AC:  8    Str:  5    XL:     7   Next: 91%
Magic:  17/22      EV: 14    Int: 15    God:
Gold:   102        SH:  0    Dex: 20    Spells: 3/12 levels left

rFire   . . .        a - +9 dagger of Sin {freeze, rC+ Dex+3}
rCold   + . .        (no shield)
rNeg    . . .        b - +0 robe
rPois   .            (helmet restricted)
rElec   .            y - +0 cloak
rCorr   .            f - +0 pair of gloves
SInv    +            (no boots)
Will    .....        e
                       - Hermit's Pendant {Faith Invo=14 Evo=0 MP+5}
Stlth   ++++         r - +4 ring of protection
HPRegen 0.47/turn    (no ring)
MPRegen 0.18/turn

%: faith
@: healing quickly
A: alive, fangs 3, see invisible, vampiric 2, antennae 1, dopey 1, frail 1, weak
1
a: Exsanguinate


You were on level 5 of the Dungeon.
You visited 1 branch of the dungeon, and saw 5 of its levels.
You also visited: Sewer.

You collected 102 gold pieces.

Inventory:

Hand Weapons
 a - the +9 dagger of Sin (weapon) {freeze, rC+ Dex+3}
   (You found it on level 2 of the Dungeon)

   Dex:       It affects your dexterity (+3).
   rC:        It protects you from cold.
 h - a +0 sling
 B - a +2 rapier of distortion
Missiles
 m - 37 stones (quivered)
 v - 2 boomerangs
 C - 6 poisoned darts
Armour
 b - a +0 robe (worn)
 f - a +0 pair of gloves (worn)
 l - a +0 leather armour
 y - a +0 cloak (worn)
Jewellery
 e - the Hermit's Pendant (around neck) {Faith Invo=14 Evo=0 MP+5}
   (You found it on level 2 of the Dungeon)

   [amulet of faith]

   Invo=14: It sets your Invocations skill to 14.
   Evo=0: It sets your Evocations skill to 0.
   It allows you to gain divine favour quickly.
   MP:        It affects your magic capacity (+5).
 r - a +4 ring of protection (left hand)
Wands
 w - a wand of iceblast (10)
Scrolls
 d - 8 scrolls of identify {unknown}
 g - a scroll of poison {unknown}
 j - 3 scrolls of teleportation {unknown}
 k - a scroll of fog {unknown}
 n - 2 scrolls of butterflies {unknown}
 o - 4 scrolls of blinking
 u - 3 scrolls of immolation {unknown}
 x - a scroll of noise {unknown}
 E - 2 scrolls of vulnerability {unknown}
 F - a scroll of acquirement {unknown}
Potions
 c - 2 potions of invisibility
 p - a potion of heal wounds {unknown}
 q - a potion of curing {unknown}
 s - a potion of might {unknown}
 t - 2 potions of mutation
 z - a potion of lignification {unknown}
 A - a potion of berserk rage {unknown}
 D - a potion of flight {unknown}


   Skills:
 + Level 2.5 Fighting
 * Level 5.0 Short Blades
 + Level 4.1 Dodging
 * Level 8.5 Stealth
 + Level 3.4 Spellcasting
 + Level 6.2 Hexes


You had 3 spell levels left.
You knew the following spells:

 Your Spells              Type           Power      Damage    Failure   Level
a - Confusing Touch       Hex            21%        N/A       4%          3
b - Tukima's Dance        Hex            21%        N/A       4%          3
c - Dazzling Flash        Conj/Hex       22%        N/A       16%         3

Your spell library contained the following spells:

 Spells                   Type           Power      Damage    Failure   Level
 Ensorcelled Hibernation  Hex/Ice        22%        N/A       9%          2
 Magic Dart               Conj           8%         1d3       19%         1
 Call Imp                 Summ           4%         N/A       28%         2
 Mephitic Cloud           Conj/Pois/Air  2%         N/A       50%         3
 Summon Lightning Spire   Summ/Air       2%         N/A       88%         4
 Storm Form               Tmut/Air       1%         N/A       100%        7
 Maxwell's Capacitive Co  Air            1%         ∞         100%        8


Dungeon Overview and Level Annotations

Branches:
Dungeon (5/15)              Sewer (visited)
 Temple: D:4-7

Altars:


Innate Abilities, Weirdness & Mutations

Your natural rate of healing is accelerated.
You have razor-sharp teeth.
You have supernaturally acute eyesight. (SInv)
You are afflicted with vampirism and can become a bat while bloodless.
You have a pair of small antennae on your head.
You are dopey. (Int -2)
You are frail. (-10% HP)
You are weak. (Str -2)


Message History

The ogre shouts!
The jelly quivers.
The jelly attacks as you move away! The jelly misses you.
You puncture the jelly! You freeze the jelly.
Your hands burn!
The jelly is heavily wounded.
The jelly hits you.
You are splashed with acid!
You hit the jelly. You freeze the jelly. The acid corrodes you!
Your hands burn!
The jelly is almost dead.
The jelly hits you.
You are splashed with acid!
You puncture the jelly! You freeze the jelly.
You kill the jelly!
It was a potion of ambrosia.
You are confused.
You feel invigorated.
You feel less invigorated.
You feel less confused. The ogre attacks as you move away!
The ogre completely misses you. The ogre attacks as you move away!
The ogre barely misses you.
You are no longer corroded.
Cast which spell? (? or * to list)
Aiming: Tukima's Dance (dangerous; 4% risk of failure)
Press: ? - help, Shift-Dir - straight line, f - ogre
Aim: an ogre, wielding a +0 giant club (chance to affect: 53%)
The ogre resists with significant effort.
Casting: Tukima's Dance (dangerous; 4% risk of failure)
Confirm with . or Enter, or press ? or * to list all spells.
You miscast Confusing Touch.
You are very lightly contaminated with residual magic.
Nothing appears to happen.
The ogre hits you with a +0 giant club!!
Ouch! That really hurt!
The ogre hits you with a +0 giant club!
* * * LOW HITPOINT WARNING * * *
Your magical contamination has completely faded away.
The ogre misses you. The ogre attacks as you move away!
The ogre hits you with a +0 giant club!!
Ouch! That really hurt!
You die...

##.....>............#
................#####
##..............#
...............##
..............######
...O........##.....##
##....#.###.#.......##
~#....#..............############
.#.....###......@....##..........
~#......###......O...#...........
~#....#......................>...
~#....####.......................
~#....## ###.....................
÷#.....# ###.....................
~#####.# #.......................
~# #.###.#.........#...........
.#####.....#..<......##.......)..


You could see an ogre.

Vanquished Creatures
  An ice beast (D:5)
  2 bullfrogs (Sewer)
  3 scorpions
  A hound (D:4)
  An orc priest (D:4)
  3 jellies
  Crazy Yiuf (D:3)
  Jessica (D:2)
  Ijyb (D:3)
  Terence (D:3)
  Natasha (twice) (D:3)
  2 orc wizards (D:5)
  10 adders
  A shadow imp (D:5)
  2 worms
  5 dart slugs
  8 orcs
  10 ball pythons
  4 endoplasms
  6 giant cockroaches (Sewer)
  8 goblins
  3 hobgoblins
  3 jackals (D:4)
  2 kobolds
  12 quokkas
  4 bats
  14 frilled lizards
  4 rats
115 creatures vanquished.

Notes
Turn   | Place    | Note
-------+----------+-------------------------------------------
     0 | D:1      | Foic the Vampire Enchanter began the quest for the Orb.
     0 | D:1      | Reached XP level 1. HP: 13/13 MP: 3/3
   132 | D:1      | Reached XP level 2. HP: 17/19 MP: 5/5
   159 | D:1      | You fall into a shaft and drop 1 floor!
   187 | D:2      | Found the Hermit's Pendant {Faith Invo=14 Evo=0 MP+5}
   292 | D:2      | Noticed Jessica
   299 | D:2      | Reached skill level 5 in Stealth
   315 | D:2      | Killed Jessica
   316 | D:2      | Gained mutation: You are afflicted with vampirism and can
                  | become a bat while bloodless. [Vampire growth]
   316 | D:2      | Reached XP level 3. HP: 4/25 MP: 11/11
   708 | D:1      | Gained mutation: You are dopey. (Int -2) [potion of
                  | mutation]
   708 | D:1      | Gained mutation: You are weak. (Str -2) [potion of
                  | mutation]
   708 | D:1      | Gained mutation: You are frail. (-10% HP) [potion of
                  | mutation]
   708 | D:1      | Gained mutation: You have a pair of small antennae on your
                  | head. [potion of mutation]
   748 | D:1      | Reached skill level 1 in Fighting
   892 | D:1      | Reached XP level 4. HP: 28/28 MP: 13/13
  1195 | D:2      | Identified the +9 dagger of Sin {freeze, rC+ Dex+3}
  1237 | D:2      | Learned a level 3 spell: Confusing Touch
  1241 | D:2      | Learned a level 3 spell: Tukima's Dance
  1739 | D:3      | Noticed Natasha
  1747 | D:3      | Killed Natasha
  1756 | D:3      | Reached XP level 5. HP: 31/33 MP: 14/14
  1773 | D:3      | Noticed Terence
  1794 | D:3      | Killed Terence
  1795 | D:3      | Reached skill level 6 in Stealth
  1972 | D:3      | Reached skill level 5 in Hexes
  1990 | D:3      | Noticed Ijyb
  1997 | D:3      | Killed Ijyb
  2037 | D:3      | Noticed Natasha
  2047 | D:3      | Killed Natasha
  2120 | D:3      | Found a runed translucent door.
  2121 | D:3      | Noticed Crazy Yiuf
  2128 | D:3      | Killed Crazy Yiuf
  2634 | D:4      | Reached XP level 6. HP: 30/30 MP: 16/16
  2797 | D:4      | Reached skill level 7 in Stealth
  3116 | D:5      | Entered Level 5 of the Dungeon
  3119 | D:5      | Noticed an ice beast
  3126 | D:5      | Killed an ice beast
  3127 | D:5      | Reached XP level 7. HP: 35/45 MP: 17/17
  3267 | D:5      | Found a glowing drain.
  3271 | D:5      | Reached skill level 8 in Stealth
  3278 | Sewer    | Entered a sewer
  3295 | Sewer    | Learned a level 3 spell: Dazzling Flash
  3504 | Sewer    | Reached skill level 5 in Short Blades
  3802 | D:5      | Demolished by an ogre

Illustrated notes

Levels and vault maps discovered:
D:1:      eino_arrival_druids_welcome, layout_loops_ring, st_stairs_13
D:2:      minmay_evil_eye, layout_loops_ring, uniq_jessica
D:3:      layout_basic, minivault_14, uniq_terence, uniq_ijyb,
          uniq_crazy_yiuf_cottage, uniq_natasha
D:4:      layout_basic
D:5:      layout_rooms, portal_sewer_entry_d

Skill      XL: |  1  2  3  4  5  6  7 |
---------------+----------------------+-----
Stealth        | 5 6 7 8 |  8.5
Short Blades   | 2 3 4 5 |  5.0
Fighting       | 1 2 |  2.5
Dodging        | 3 4 |  4.1
Hexes          | 5 6 |  6.2
Spellcasting   | 3 |  3.4

Action                     |  1- 3 |  4- 6 |  7- 9 || total
---------------------------+-------+-------+-------++-------
  Melee: Dagger            |    41 |   119 |    56 ||   216
         Bite              |     6 |     8 |     6 ||    20
  Throw: Stone             |       |     5 |     2 ||     7
   Cast: Tukima's Dance    |       |       |     1 ||     1
Ability: Exsanguinate      |       |     2 |       ||     2
         Revivify          |       |     2 |       ||     2
    Use: Potion            |     2 |       |     1 ||     3
   Stab: Sleeping          |     8 |    19 |     6 ||    33
         Distracted        |       |     1 |       ||     1
 Armour: Robe              |     9 |    34 |    16 ||    59
  Dodge: Dodged            |    15 |    50 |    37 ||   102
